 Dungeon Crawl Stone Soup version 0.21.1-1-g345015f (webtiles) character file.

3921 sankara the Covert (level 10, -1/45 HPs)
             Began as a Spriggan Enchanter on Feb 14, 2018.
             Was an Initiate of Gozag.
             Shot with an arrow by a centaur warrior (24 damage)
             ... on level 8 of the Dungeon.
             The game lasted 00:42:40 (8978 turns).

sankara the Covert (Spriggan Enchanter)             Turns: 8978, Time: 00:42:41

Health: -1/45      AC:  2    Str:  4    XL:     10   Next: 1%
Magic:  13/22      EV: 26    Int: 20    God:    Gozag
Gold:   490        SH:  0    Dex: 19    Spells: 10/24 levels left

rFire    + . .     SeeInvis +   a - +1 dagger
rCold    + . .     Gourm    .   (shield restricted)
rNeg     . . .     Faith    .   r - +0 robe
rPois    .         Spirit   .   (helmet restricted)
rElec    .         Reflect  .   n - scarf {rC+ rF+}
rCorr    .         Harm     .   (gloves unavailable)
MR       +....                  (boots unavailable)
Stlth    +++++.....             (no amulet)
HPRegen  0.15/turn              y - +2 ring of dexterity
MPRegen  0.18/turn              (no ring)

@: very quick
A: very small, unfitting armour, see invisible, herbivore, speed 3, slow
metabolism 2
a: Potion Petition, Call Merchant, Bribe Branch, Renounce Religion


You were on level 8 of the Dungeon.
You worshipped Gozag.
Gozag was aware of your devotion.
You were not hungry.

You visited 2 branches of the dungeon, and saw 9 of its levels.

You collected 628 gold pieces.
You paid 138 gold pieces to Gozag.

Inventory:

Hand Weapons
 a - a +1 dagger (weapon)
 b - a +0 hunting sling
 c - a +1 rapier of electrocution
Missiles
 t - 86 sling bullets
 u - 151 stones
 J - 3 tomahawks (quivered)
Armour
 g - a +0 cloak
 n - a scarf of resistance (worn)
 r - a +0 robe (worn)
Jewellery
 e - an uncursed amulet of faith {unknown}
 y - a +2 ring of dexterity (left hand)
Wands
 z - a wand of random effects (31)
Scrolls
 j - 6 scrolls of remove curse
 k - 3 scrolls of teleportation
 A - a scroll of holy word
 C - 2 scrolls of noise {unknown}
 D - 2 scrolls of magic mapping {unknown}
 E - a scroll of random uselessness {unknown}
 G - a scroll of enchant weapon {unknown}
 I - a scroll of fear
 K - a scroll of silence {unknown}
Potions
 f - 3 potions of agility
 h - a potion of berserk rage
 m - 4 potions of haste
 o - 2 potions of flight
 p - 3 potions of might
 s - a potion of curing
 x - 3 potions of brilliance
 F - a potion of resistance
 H - a potion of lignification {unknown}
 M - a potion of mutation {unknown}
Books
 v - a book of Cantrips

   Spells                             Type                      Level
   a - Confusing Touch                Hexes                        1
   b - Animate Skeleton               Necromancy                   1
   c - Summon Small Mammal            Summoning                    1
   d - Apportation                    Translocation                1
 w - a book of Minor Magic

   Spells                             Type                      Level
   a - Magic Dart                     Conjuration                  1
   b - Blink                          Translocation                2
   c - Call Imp                       Summoning                    2
   d - Slow                           Hexes                        2
   e - Conjure Flame                  Conjuration/Fire             3
   f - Mephitic Cloud                 Conjuration/Poison/Air       3
Comestibles
 d - 9 rations


   Skills:
 + Level 1.0 Fighting
 - Level 5.0 Short Blades
 + Level 9.3 Dodging
 + Level 12.1 Stealth
 - Level 7.7 Spellcasting
 - Level 1.0 Conjurations
 + Level 8.2 Hexes
 - Level 4.0 Translocations
 - Level 1.0 Ice Magic


You had 10 spell levels left.
You knew the following spells:

 Your Spells              Type           Power        Failure   Level  Hunger
a - Ensorcelled Hibernat  Hex/Ice        ####..       1%          2    None
b - Confuse               Hex            #####...     1%          3    None
c - Tukima's Dance        Hex            #####...     1%          3    None
d - Dazzling Spray        Conj/Hex       ####..       3%          3    None
e - Apportation           Tloc           ###...       1%          1    None
f - Blink                 Tloc           N/A          2%          2    None


Dungeon Overview and Level Annotations

Branches:
Dungeon (8/15)             Temple (1/1) D:7
   Lair: D:8-11

Altars:
Ashenzari
Cheibriados
Dithmenos
Elyvilon
Fedhas
Gozag
Hepliaklqana
Kikubaaqudgha
Makhleb
Nemelex Xobeh
Okawaru
Qazlal
Ru
Sif Muna
Trog
Uskayaw
Vehumet
Wu Jian
Xom
Yredelemnul
Zin
The Shining One


Innate Abilities, Weirdness & Mutations

You are very small and have problems with some larger weapons.
You are too small for most types of armour.
You have supernaturally acute eyesight. (SInv)
You are a herbivore.
You cover ground extremely quickly.
You need consume almost no food.


Message History

A centaur warrior comes into view.
Casting: Ensorcelled Hibernation
Confirm with . or Enter, or press ? or * to list all spells.
Aiming: Ensorcelled Hibernation
Press: ? - help, Shift-Dir - straight line, f - centaur warrior
Aim: a centaur warrior (chance to defeat MR: 37%)
The centaur warrior easily resists.
The centaur warrior wields a runed shortbow.
The centaur warrior shoots an arrow.
The arrow hits you!
Casting: Ensorcelled Hibernation
Confirm with . or Enter, or press ? or * to list all spells.
Aiming: Ensorcelled Hibernation
Press: ? - help, Shift-Dir - straight line, f/p - centaur warrior
Aim: a centaur warrior, wielding an enchanted shortbow (chance to defeat MR: 37%)
The centaur warrior easily resists.
The centaur warrior shoots an arrow.
The arrow hits you!
The centaur warrior shoots an arrow.
The arrow hits you!!
Ouch! That really hurt!
You die...
Your body crumbles into a pile of gold.

######.###..######.# #.#
#.# #.........# #.#
###.###..###.#######.######
#(.......# #.# #........#
#.#.....## #.# #.######.#
###.#..#c#####.# ##.####
#.# .......#.....##.#
##.)...# #.#
.........<.....(###......#
#..
###...##....(@.....)..8..#
###
............######......#
###...##.....# #.........#
##.#
#..######.##.########## ...
#..#................... .
#.)#.#####.#########.##
#..#.#.........#.......
#....#.#.#.#.#.#.#.#.#.
#.##.#.........#.######


You could see a centaur warrior.

Vanquished Creatures
  The ghost of Canard the Zephyrmancer, a novice TeAE of Vehumet (D:6)
  Sigmund (D:2)
  An orc warrior (D:8)
  2 necrophages (D:8)
  4 ice beasts
  A phantom (D:6)
  A black bear (D:6)
  3 ogres
  3 centaurs
  4 bullfrogs
  4 scorpions
  5 wights
  A bullfrog zombie (D:7)
  2 crimson imps
  A centaur zombie (D:6)
  9 hounds
  3 orc priests
  5 jellies
  5 orc wizards
  Jessica (D:2)
  5 worker ants
  Natasha (thrice) (D:3)
  A hound skeleton (D:8)
  2 mummies (D:8)
  A worker ant zombie (D:6)
  3 gnolls (D:4)
  6 adders
  5 shadow imps
  3 oozes
  An adder zombie (D:7)
  5 worms
  5 dart slugs
  7 leopard geckos
  19 orcs
  8 bats
  A bat zombie (D:6)
  4 giant cockroaches
  7 goblins
  7 hobgoblins
  4 jackals
  9 kobolds
  3 quokkas
  3 ball pythons
  7 frilled lizards
  3 leopard gecko skeletons
  A leopard gecko zombie (D:8)
  A quokka zombie (D:8)
  10 rats
  4 rat zombies (D:6)
195 creatures vanquished.

Vanquished Creatures (collateral kills)
  An orc warrior (D:7)
  3 wights (D:7)
  An orc wizard (D:7)
5 creatures vanquished.

Vanquished Creatures (others)
  A bush (D:6)
1 creature vanquished.

Grand Total: 201 creatures vanquished

Notes
Turn   | Place    | Note
-------+----------+-------------------------------------------
     0 | D:1      | sankara the Spriggan Enchanter began the quest for the Orb.
     0 | D:1      | Reached XP level 1. HP: 9/9 MP: 5/5
   356 | D:1      | Reached XP level 2. HP: 13/13 MP: 6/6
   360 | D:1      | Learned a level 2 spell: Ensorcelled Hibernation
   383 | D:1      | Reached skill level 5 in Stealth
  1078 | D:1      | Reached XP level 3. HP: 16/16 MP: 2/8
  1086 | D:1      | Learned a level 3 spell: Confuse
  1695 | D:2      | Reached skill level 6 in Stealth
  1762 | D:2      | Noticed Sigmund
  1829 | D:2      | Killed Sigmund
  1829 | D:2      | Reached skill level 7 in Stealth
  1829 | D:2      | Reached skill level 5 in Hexes
  1829 | D:2      | Reached XP level 4. HP: 12/21 MP: 1/11
  1829 | D:2      | Reached XP level 5. HP: 14/24 MP: 1/12
  2127 | D:2      | Noticed Jessica
  2202 | D:2      | Killed Jessica
  2412 | D:2      | You fall through a shaft!
  2412 | D:3      | Noticed Natasha
  2414 | D:3      | Killed Natasha
  2414 | D:3      | Reached XP level 6. HP: 28/28 MP: 14/14
  2473 | D:3      | Found a shadowy altar of Dithmenos.
  2675 | D:3      | Learned a level 3 spell: Tukima's Dance
  2679 | D:3      | Learned a level 3 spell: Dazzling Spray
  2681 | D:3      | Learned a level 1 spell: Apportation
  2875 | D:3      | Noticed Natasha
  2900 | D:3      | Killed Natasha
  2925 | D:3      | Noticed Natasha
  2937 | D:3      | Killed Natasha
  2937 | D:3      | Reached skill level 1 in Ice Magic
  3070 | D:3      | Reached skill level 5 in Spellcasting
  3369 | D:4      | Found an iron altar of Okawaru.
  3482 | D:4      | Noticed a water elemental
  3483 | D:4      | Found a stormy altar of Qazlal.
  3485 | D:4      | Noticed an air elemental
  3560 | D:4      | Reached skill level 8 in Stealth
  3611 | D:4      | Noticed a fire elemental
  3701 | D:4      | Found a glowing golden altar of the Shining One.
  3703 | D:4      | Noticed an angel
  3718 | D:4      | Found a basalt altar of Yredelemnul.
  3721 | D:4      | Noticed a profane servitor
  3854 | D:4      | Found a deep blue altar of Sif Muna.
  3943 | D:4      | Learned a level 2 spell: Blink
  3988 | D:4      | Reached XP level 7. HP: 32/32 MP: 16/16
  4177 | D:5      | Entered Level 5 of the Dungeon
  4272 | D:5      | Reached skill level 1 in Translocations
  5070 | D:5      | Reached XP level 8. HP: 36/36 MP: 6/17
  5191 | D:5      | Reached skill level 9 in Stealth
  5625 | D:6      | Reached skill level 5 in Dodging
  5625 | D:6      | Reached skill level 1 in Conjurations
  6166 | D:6      | Noticed Canard's ghost (novice TeAE)
  6338 | D:6      | Reached skill level 10 in Stealth
  6343 | D:6      | Found an ornate altar of the Wu Jian Council.
  6419 | D:6      | Killed Canard's ghost
  6419 | D:6      | Reached XP level 9. HP: 39/39 MP: 16/19
  6543 | D:6      | Found an ancient bone altar of Kikubaaqudgha.
  7141 | D:7      | Reached skill level 5 in Short Blades
  7717 | D:7      | Found a snail-covered altar of Cheibriados.
  7767 | D:7      | Reached skill level 11 in Stealth
  7804 | D:7      | Found a staircase to the Ecumenical Temple.
  7823 | Temple   | Entered the Ecumenical Temple
  7907 | Temple   | Became a worshipper of Gozag Ym Sagoz the Greedy
  8719 | D:8      | Reached skill level 12 in Stealth
  8931 | D:8      | Reached XP level 10. HP: 44/44 MP: 13/22
  8944 | D:8      | Reached skill level 1 in Fighting
  8974 | D:8      | Noticed a centaur warrior
  8978 | D:8      | Shot with an arrow by a centaur warrior

Skill      XL: |  1  2  3  4  5  6  7  8  9 10 |
---------------+-------------------------------+-----
Stealth        | 5 7 8 10 12 | 12.1
Spellcasting   | 3 4 5 6 7 |  7.7
Hexes          | 4 5 6 7 8 |  8.2
Ice Magic      | 1 |  1.0
Translocations | 3 4 |  4.0
Short Blades   | 2 4 5 |  5.0
Dodging        | 4 6 9 |  9.3
Conjurations   | 1 |  1.0
Fighting       | 1 |  1.0

Action                   |  1- 3 |  4- 6 |  7- 9 | 10-12 || total
-------------------------+-------+-------+-------+-------++-------
Melee: Dagger            |    92 |    80 |   269 |     1 ||   442
 Fire: Hunting sling     |       |     1 |    76 |       ||    77
Throw: Stone             |       |       |     3 |       ||     3
 Cast: Corona            |     4 |       |       |       ||     4
       Ensorcelled Hiber |    23 |    41 |    77 |     3 ||   144
       Confuse           |       |       |    28 |       ||    28
       Tukima's Dance    |       |       |     6 |       ||     6
       Blink             |       |       |     2 |       ||     2
  Use: Scroll            |     3 |       |    16 |       ||    19
 Stab: Sleeping          |    29 |    40 |    73 |     1 ||   143
       Confused          |       |       |    24 |       ||    24
       Distracted        |       |       |     3 |       ||     3
  Eat: Ration            |       |     1 |     3 |       ||     4
Armor: Robe              |     8 |    10 |     5 |       ||    23
Dodge: Dodged            |    67 |    55 |   147 |       ||   269
